 Dungeon Crawl Stone Soup version 0.24-a0-507-g3e8b242632 (webtiles) character file.

Game seed: 3333162508657365460

2167 Gynju the Cutter (level 9, -6/61 HPs)
             Began as a Halfling Berserker on July 19, 2019.
             Was a Priest of Trog.
             Mangled by a hog (8 damage)
             ... on level 7 of the Dungeon.
             The game lasted 00:19:25 (8193 turns).

Gynju the Cutter (Halfling Berserker)               Turns: 8193, Time: 00:19:26

Health: -6/61      AC: 10    Str: 20    XL:     9   Next: 57%
Magic:  9/9        EV: 18    Int:  5    God:    Trog [***...]
Gold:   365        SH:  2    Dex: 15    Spells: 8/8 levels left

rFire    + . .     SeeInvis .   a - +0 short sword (speed)
rCold    . . .     Gourm    .   (shield restricted)
rNeg     . . .     Faith    .   v - +1 leather armour {rF+}
rPois    .         Spirit   .   m - +0 helmet
rElec    .         Reflect  +   s - +2 cloak
rCorr    .         Harm     .   (no gloves)
MR       .....                  z - +0 pair of boots
Stlth    +++.......             w - +2 amulet of reflection
HPRegen  0.20/turn              (no ring)
MPRegen  0.11/turn              (no ring)

@: berserk cooldown, slowed, very slow
A: small, mutation resistance 1
a: Berserk, Trog's Hand, Renounce Religion


You were on level 7 of the Dungeon.
You worshipped Trog.
Trog was most pleased with you.
You were very hungry.

You visited 1 branch of the dungeon, and saw 7 of its levels.

You collected 365 gold pieces.

Inventory:

Hand Weapons
 a - a +0 short sword of speed (weapon)
 b - a +0 hunting sling
 C - the cursed +1 dagger "Abraith" {venom, +Fly rC+ Dex-4}
   (You found it on level 6 of the Dungeon)

   It poisons the flesh of those it strikes.
   It affects your dexterity (-4).
   It protects you from cold.
   It lets you fly.
   It has a curse placed upon it.
Missiles
 g - 188 stones (quivered)
 k - 29 poisoned darts
Armour
 m - a +0 helmet (worn)
 s - a +2 cloak (worn)
 v - a +1 leather armour of fire resistance (worn)
 z - a +0 pair of boots (worn)
Jewellery
 d - an uncursed amulet of the acrobat
 w - a +2 amulet of reflection (around neck)
 D - an uncursed amulet of harm {unknown}
Scrolls
 f - 6 scrolls of magic mapping {unknown}
 h - a scroll of identify
 i - 6 scrolls of remove curse {unknown}
 j - a scroll of fear {unknown}
 n - 2 scrolls of teleportation {unknown}
 q - a scroll of random uselessness {unknown}
 t - a scroll of fog {unknown}
 u - 2 scrolls of blinking {unknown}
 y - a scroll of noise {unknown}
 E - a scroll of enchant weapon {unknown}
Potions
 e - 4 potions of curing
 l - a potion of flight
 o - a potion of mutation {unknown}
 p - 2 potions of magic
 r - a potion of invisibility {unknown}
 x - a potion of lignification {unknown}
 A - a potion of heal wounds {unknown}
 B - a potion of resistance {unknown}
Comestibles
 c - 15 rations
 F - 9 chunks of flesh


   Skills:
 + Level 5.3 Fighting
 + Level 7.0 Short Blades
 + Level 6.7 Slings
 + Level 5.7 Armour
 + Level 5.8 Dodging
 + Level 5.5 Stealth


You had 8 spell levels left.
You didn't know any spells.
Your spell library was empty.

Dungeon Overview and Level Annotations

Branches:
Dungeon (7/15)
 Temple: D:4-7

Altars:
Fedhas
Kikubaaqudgha
Makhleb
Ru
Trog
Uskayaw
Vehumet
Wu Jian

Shops:
D:4 *


Innate Abilities, Weirdness & Mutations

You are small and have problems with some larger weapons.
You are somewhat resistant to further mutation.


Message History

You block the yak's attack.
You barely miss the yak.
The yak is almost dead.
The yak gores you!
You are too injured to fight recklessly!
You are too injured to fight recklessly!
You are too injured to fight recklessly!
The yak gores you! The hog bites you!
* * * LOW HITPOINT WARNING * * *
The yak barely misses you. The hog barely misses you.
You are feeling very hungry.
The hog bites you.
* * * LOW HITPOINT WARNING * * *
The yak gores you!
* * * LOW HITPOINT WARNING * * *
The hog misses you. The hog closely misses you. The hog completely misses you.
You block the hog's attack. The hog bites you!
You die...

.....#.#...#.(...##.....
.............#..##......
.......>##...#...#......
.........#......).......
.#.#......#.....##...รทรท)....
............#.<.........<.....
...............................
..........##.................(.
#..........#.h@............##.(
#....#...##Yh.#...........# ..
#.........h###............. .
#.......p......####..#.....
##..........#..# #..##..(.
###........#..# #.## #...
#............# .. .)
##'#####.....# . #..#..#..#...#


You could see a yak, 3 hogs and a human.

Vanquished Creatures
  Duvessa (D:5)
  2 orc warriors (D:6)
  An ice beast (D:6)
  2 ogres
  A centaur (D:6)
  2 phantoms
  A bullfrog (D:3)
  A gnoll sergeant (D:7)
  Dowan (D:5)
  3 killer bees (D:6)
  A scorpion (D:6)
  A howler monkey (D:4)
  A crimson imp (D:5)
  2 hounds
  Crazy Yiuf (D:3)
  3 orc priests
  5 orc wizards
  2 gnoll shamans
  4 worker ants
  Natasha (D:3)
  A hound skeleton (D:5)
  Robin (D:4)
  20 gnolls
  5 adders
  A shadow imp (D:5)
  An ooze (D:3)
  2 worms (D:2)
  A dart slug (D:2)
  4 leopard geckos
  25 orcs
  A giant cockroach (D:2)
  11 hobgoblins
  10 jackals
  3 quokkas
  A ball python skeleton (D:5)
  13 bats
  3 frilled lizards
  20 goblins
  12 kobolds
  7 rats
178 creatures vanquished.

Vanquished Creatures (others)
  A bat (D:1)
1 creature vanquished.

Grand Total: 179 creatures vanquished

Notes
Turn   | Place    | Note
-------+----------+-------------------------------------------
     0 | D:1      | Gynju the Halfling Berserker began the quest for the Orb.
     0 | D:1      | Reached XP level 1. HP: 15/15 MP: 1/1
    31 | D:1      | Reached XP level 2. HP: 16/20 MP: 2/2
   470 | D:1      | Reached skill level 1 in Stealth
   631 | D:1      | Reached XP level 3. HP: 24/25 MP: 3/3
   759 | D:1      | Reached skill level 4 in Short Blades
   870 | D:1      | Reached ** piety under Trog
  1516 | D:2      | Reached XP level 4. HP: 31/31 MP: 4/4
  1743 | D:2      | Reached skill level 1 in Slings
  1816 | D:2      | Noticed a moth of wrath
  1819 | D:2      | Found a bloodstained altar of Trog.
  2033 | D:2      | Found an ornate altar of the Wu Jian Council.
  2435 | D:3      | Reached XP level 5. HP: 34/36 MP: 5/5
  2755 | D:3      | Reached XP level 6. HP: 31/42 MP: 6/6
  2865 | D:3      | Found a faded altar of an unknown god.
  3021 | D:3      | Found a runed translucent door.
  3022 | D:3      | Noticed Crazy Yiuf
  3116 | D:3      | Killed Crazy Yiuf
  3552 | D:4      | Reached skill level 5 in Short Blades
  3709 | D:4      | Reached XP level 7. HP: 45/47 MP: 7/7
  3913 | D:4      | Found an ancient bone altar of Kikubaaqudgha.
  3913 | D:4      | Found a blossoming altar of Fedhas.
  3946 | D:4      | Found a radiant altar of Vehumet.
  4188 | D:4      | Noticed Robin
  4251 | D:4      | Killed Robin
  4305 | D:3      | Reached *** piety under Trog
  4374 | D:3      | Noticed Natasha
  4385 | D:3      | Killed Natasha
  4521 | D:4      | Found a hide-covered altar of Uskayaw.
  4630 | D:4      | Found Buepe's Mayhem Merchandise.
  5129 | D:5      | Entered Level 5 of the Dungeon
  5135 | D:5      | Reached XP level 8. HP: 54/54 MP: 8/8
  5186 | D:5      | Noticed Dowan
  5187 | D:5      | Noticed Duvessa
  5199 | D:5      | Killed Dowan
  5236 | D:5      | Killed Duvessa
  5608 | D:5      | Reached skill level 5 in Slings
  5801 | D:5      | Reached skill level 6 in Short Blades
  6676 | D:6      | Reached skill level 5 in Dodging
  6738 | D:6      | Reached skill level 5 in Armour
  6760 | D:6      | Reached XP level 9. HP: 32/59 MP: 9/9
  7085 | D:6      | Found a sacrificial altar of Ru.
  7246 | D:6      | Got a slimy dagger
  7250 | D:6      | Identified the cursed +1 dagger "Abraith" {venom, +Fly rC+
                  | Dex-4} (You found it on level 6 of the Dungeon)
  7277 | D:6      | Found an ancient bone altar of Kikubaaqudgha.
  7390 | D:6      | Reached skill level 5 in Fighting
  7390 | D:6      | Reached skill level 5 in Stealth
  7476 | D:6      | Found a burning altar of Makhleb.
  8116 | D:7      | Reached skill level 7 in Short Blades
  8191 | D:7      | HP: 2/61 [yak (8)]
  8193 | D:7      | Mangled by a hog

Levels and vault maps discovered:
D:1:      lemuel_arrival_room, layout_loops_ring, lemuel_flame_loot_1
D:2:      layout_basic, nicolae_overflow_hidden_temple, tgw_trog
D:3:      layout_basic, chequers_ecumenical_altar_island,
          uniq_crazy_yiuf_cottage, uniq_natasha
D:4:      layout_basic, grunt_temple_overflow_growth_and_decay,
          old_standard_altar, nicolae_overflow_crystal_walls,
          minmay_shop_mayhem, uniq_robin
D:5:      layout_loops_cross, nicolae_ossuary_entry_plus, first_ration,
          uniq_duvessa
D:6:      layout_loops_corners, lemuel_crystal_altar, hangedman_feature_mirror,
          lightli_orcish_oven
D:7:      layout_cave_pools, lemuel_crystal_altar, temple_statues,
          serial_gnoll_camp, gnoll_camp_mini_house, gnoll_camp_mini_hut,
          gnoll_camp_mini_loothouse, gnoll_camp_mini_hut, gnoll_camp_huts_moat,
          gnoll_camp_mini_shop, grunt_livestock, uniq_harold

Skill      XL: |  1  2  3  4  5  6  7  8  9 |
---------------+----------------------------+-----
Stealth        | 1 2 3 4 5 |  5.5
Fighting       | 3 4 5 |  5.3
Short Blades   | 4 5 6 7 |  7.0
Slings         | 2 3 4 5 6 |  6.7
Armour         | 3 4 5 |  5.7
Dodging        | 3 4 5 |  5.8

Action                   |  1- 3 |  4- 6 |  7- 9 || total
-------------------------+-------+-------+-------++-------
Melee: Short sword       |    47 |       |   360 ||   407
       Dagger            |    74 |   175 |    80 ||   329
       Hand axe          |       |       |    17 ||    17
 Fire: Hunting sling     |    18 |   120 |   127 ||   265
Invok: Berserk           |     1 |     4 |    14 ||    19
       Trog's Hand       |       |     1 |     6 ||     7
  Use: Scroll            |       |       |     6 ||     6
 Stab: Sleeping          |       |     3 |     2 ||     5
  Eat: Chunk             |     3 |    11 |    22 ||    36
       Ration            |       |       |     2 ||     2
Armor: Animal skin       |    29 |    42 |    22 ||    93
       Leather armour    |       |       |    60 ||    60
Dodge: Dodged            |   101 |   126 |   322 ||   549
Block: Other             |       |       |     8 ||     8

Table legend:
 A = Non-vault XP
 B = Vault XP
 C = Vault XP percentage of total XP
 D = Non-vault monster count
 E = Vault monster count
 F = Vault count percentage of total count
                 A         B        C        D         E       F
            +---------+---------+-------+---------+---------+-------
      Total |    2141 |     955 |  30.8 |     134 |      44 |  24.7
            +---------+---------+-------+---------+---------+-------
        D:1 |      47 |       0 |   0.0 |      29 |       0 |   0.0
        D:2 |      54 |      13 |  19.4 |      23 |       5 |  17.9
        D:3 |     314 |      78 |  19.9 |      31 |       3 |   8.8
        D:4 |     420 |      38 |   8.3 |      12 |      12 |  50.0
        D:5 |     408 |     216 |  34.6 |      19 |       2 |   9.5
        D:6 |     885 |     322 |  26.7 |      19 |       8 |  29.6
        D:7 |      13 |     288 |  95.7 |       1 |      14 |  93.3
            +---------+---------+-------+---------+---------+-------
